AoeStats
← [NICE_ASS] BigMasi

Golden Pit

510126759Analyzed
1v1 RM · 2d ago on Sep 29, 2026· 55m 30s· 2 players
Game mode
Random Map
Map size
Tiny (2 player)
Population
200
Speed
Normal
Resources
Standard
Victory
Conquest
Starting age
Dark Age
Ending age
Imperial Age
RankedLock teamsTeams togetherTeam positionsShared explorationLock speedFull tech treeHidden civsTurbo modeCheats
Victory
Defeat
🇨🇴 Wei · Colombia
1358
+14
🇨🇭 Vikings · Switzerland
1322
-14
[NICE_ASS] BigMasi
7:37 Loom
10:54 Feudal Age
12:41 Double-Bit Axe
19:59 Castle Age
18:03 Fletching
18:13 Padded Archer Armor
19:28 Padded Archer Armor
21:23 Bodkin Arrow
23:40 Bow Saw
24:44 Crossbowman
31:37 Gold Mining
37:23 Horse Collar
40:43 Imperial Age
40:07 Town Watch
40:42 Leather Archer Armor
41:08 Chieftains
41:26 Bracer
40:57 Capped Ram
42:08 Ballistics
42:55 Chemistry
46:29 Squires
45:50 Pikeman
46:16 Arson
46:50 Arbalester
49:41 Forging
49:32 Scale Mail Armor
51:33 Iron Casting
51:16 Chain Mail Armor
51:38 Iron Casting
51:58 Siege Ram
53:49 Plate Mail Armor
55:22 Blast Furnace
anguraca
7:18 Loom
9:25 Feudal Age
10:14 Double-Bit Axe
14:30 Fletching
17:12 Forging
23:00 Castle Age
23:50 Scale Barding Armor
24:21 Iron Casting
23:59 Bloodlines
24:10 Husbandry
26:23 Wheelbarrow
28:38 Stone Mining
32:36 Horse Collar
35:12 Bodkin Arrow
35:38 Hand Cart
35:23 Heavy Plow
35:35 Bow Saw
35:40 Gold Mining
40:11 Imperial Age
39:36 Ballistics
40:02 Chain Barding Armor
39:45 Town Watch
41:09 Gold Shaft Mining
41:14 Stone Shaft Mining
42:44 Chemistry
43:22 Blast Furnace
43:56 Light Cavalry
45:17 Heavy Hei Guang Cavalry
46:05 Tuntian
48:47 Bracer
49:53 Parthian Tactics
49:34 Thumb Ring
49:43 Hussar
51:59 Crop Rotation
52:54 Man-at-Arms
Connection lost

Rejoining the realm…

Still unreachable

The connection could not be restored.

Session expired

The server has moved on; the page needs a fresh start.